[Event "*** Titled Tuesday Blitz"]
[Site "Chess.com"]
[Date "2020.05.12"]
[Round "3"]
[White "PowerThinking2650"]
[Black "KrolPawel92OnTwitch"]
[Result "0-1"]
[WhiteElo "2284"]
[BlackElo "2588"]
[TimeControl "180+1"]
[EndTime "10:27:56 PDT"]
[Termination "KrolPawel92OnTwitch won on time"]

1. e4 c5 2. Nf3 Nc6 3. d4 cxd4 4.
Nxd4 e5 5. Nb5 d6 6. N1c3 a6 7. Na3 Be7 8. Nc4 Be6 9. Be3 b5 10. Nb6 Rb8 11. Nbd5 f5 12. exf5 Bxf5 13. Bd3 Be6 14.
Qh5+ Kd7 15. Bf5 Nf6 16. Qh3 Qg8 17. Bxe6+ Qxe6 18. Nb6+ Rxb6 19. Qxe6+ Kxe6 20. Bxb6 Rc8 21. O-O-O b4 22. Ne2 a5 23. Rhe1 Kf7 24. Kb1 a4 25.
f4 e4 26. Nd4 d5 27. Nxc6 Rxc6 28. Bd4 Ke6 29. h3 h5 30. g3 g6 31. Rg1 Ne8 32. g4 h4 33. f5+ gxf5 34. gxf5+ Kxf5 35. Rdf1+ Ke6 36. Rg6+ Kd7 37. Rxc6 Kxc6 38. Rf7 Bd6 39. Rh7 Bg3 40. a3 bxa3 41. bxa3 Nd6 42. Bf6 Nf5 43.
Kc1 Kd6 44. Rh5 Ke6 45. Bd8 d4 46. Kd1 Ne3+ 47. Kd2 Nc4+ 48. Ke2 Nb2 49. Bxh4 d3+ 50. cxd3 exd3+ 0-1

[Event "*** Titled Tuesday Blitz"]
[Site "Chess.com"]
[Date "2020.05.12"]
[Round "3"]
[White "davidkalashian"]
[Black "TheoSlade"]
[Result "1-0"]
[WhiteElo "2513"]
[BlackElo "2278"]
[TimeControl "180+1"]
[EndTime "10:27:56 PDT"]
[Termination "davidkalashian won by resignation"]

1. e4 e5 2. Nf3 Nc6 3. Bb5 Nf6 4. O-O Nxe4 5. d4 Nd6 6. Bxc6 dxc6 7. dxe5 Nf5 8. Qxd8+ Kxd8 9. Rd1+ Ke8 10. Nc3 Be7 11.
Ne4 Nh4 12. Nd4 Nf5 13. Nf3 Nh4 14. Nd4 Nf5 15. Bf4 Nxd4 16. Rxd4 Bf5 17. c3 c5 18.
Rc4 b5 19. Rxc5 Bxc5 20. Nxc5 Rd8 21. h3 Rd5 22. b4 Ke7 23. a4 a5 24. axb5 axb4 25.
cxb4 Rb8 26. Ra7 Kd8 27. e6 Bxe6 28. Bxc7+ Kc8 29. Bxb8 Kxb8 30. Re7 Rd6 31. Nxe6 fxe6 32. Rxg7 Rb6 33. Rxh7 Rxb5 34. Re7 e5 35. h4 Kc8 36. h5 Kd8 37. Rg7 Ke8 38. h6 Kf8 39. Rc7 Rxb4 40. Rc8+ Kf7 41. h7 Rh4 42. h8=Q Rxh8 43.
Rxh8 Kg7 44. Re8 Kf6 45. f3 1-0

[Event "*** Titled Tuesday Blitz"]
[Site "Chess.com"]
[Date "2020.05.12"]
[Round "3"]
[White "kai_nov"]
[Black "Mikhail_Golubev"]
[Result "0-1"]
[WhiteElo "2250"]
[BlackElo "2510"]
[TimeControl "180+1"]
[EndTime "10:27:56 PDT"]
[Termination "Mikhail_Golubev won by checkmate"]

1. d4 Nf6 2. c4 g6 3. f3 Bg7 4. e4 d6 5. Nc3 O-O 6. Bg5 a6 7. Qd2 Nc6 8. Nge2 Rb8 9. Rc1 Bd7 10. Nd1 Re8 11. Nf2 e5 12. d5 Nd4 13. Nxd4 exd4 14. Be2 c5 15. dxc6 bxc6 16. c5 d5 17. exd5 h6 18. Bf4 Nxd5 19. Bxb8 Qxb8 20. O-O Ne3 21.
Rfe1 Be5 22. f4 Bxf4 23. Qxd4 Bxh2+ 24. Kh1 Qg3 25. Bf3 Qxf2 26. Qxd7 Bf4 27. Qxe8+ Kg7 28. Qd7 Nf5 29. Rc3 Qxe1# 0-1

[Event "*** Titled Tuesday Blitz"]
[Site "Chess.com"]
[Date "2020.05.12"]
[Round "3"]
[White "Rumpel-VK"]
[Black "Batica1984"]
[Result "0-1"]
[WhiteElo "2598"]
[BlackElo "2803"]
[TimeControl "180+1"]
[EndTime "10:27:57 PDT"]
[Termination "Batica1984 won on time"]

1. e4 c5 2. g3 d5 3. exd5 Qxd5 4. Nf3 Bg4 5. Bg2 Qe6+ 6. Kf1 Nc6 7. h3 Bh5 8. Kg1 Nf6 9. Kh2 Qd7 10. Re1 e6 11. d3 Bd6 12. Nbd2 O-O 13. Nc4 Bc7 14. Kg1 Bxf3 15. Bxf3 h6 16. Bg2 Rad8 17. Bd2 b6 18.
Bc3 Nd5 19. Be5 Nxe5 20. Nxe5 Bxe5 21. Rxe5 Nb4 22. a3 Nc6 23. Re1 Nd4 24. Qd2 Qa4 25.
Rac1 Rd6 26. Re4 Qd7 27. Kh2 f5 28. Re5 f4 29. gxf4 Rf6 30. Rce1 Qf7 31. c3 Nf5 32. Qe2 Nh4 33. Be4 Rxf4 34. Rf1 Qf6 35. Bh1 Rxd3 36. Qe4 Rxe4 0-1

[Event "*** Titled Tuesday Blitz"]
[Site "Chess.com"]
[Date "2020.05.12"]
[Round "3"]
[White "LittlePeasant"]
[Black "AleksanderHnydiuk"]
[Result "1-0"]
[WhiteElo "2762"]
[BlackElo "2580"]
[TimeControl "180+1"]
[EndTime "10:27:57 PDT"]
[Termination "LittlePeasant won on time"]

1. Nf3 d5 2. c4 e6 3. b3 Nf6 4. Bb2 Be7 5. g3 O-O 6. Bg2 c5 7. O-O Nc6 8. e3 b6 9. Nc3 Bb7 10. cxd5 Nxd5 11. Nxd5 Qxd5 12. d4 Qf5 13. Ne5 Nxe5 14.
Bxb7 Rad8 15. Qb1 Nd3 16. Bc3 cxd4 17. Bxd4 e5 18. Bc3 e4 19. Qc2 Rd7 20. Ba6 Rc7 21. Qd2 Rd8 22. Rad1 Rd6 23. Bd4 Ne5 24. Bxe5 Rxd2 25.
Bxc7 Qd7 26. Rxd2 Qxd2 27. Bb8 Bc5 28. a4 h5 29. h4 f6 30. Bc4+ Kh7 31. Bf4 Bd6 32.
Bxd6 Qxd6 33. Be2 Kh6 34. Rd1 Qb4 35. Bc4 a6 36. Rd8 Kg6 37. Rd7 b5 38. Bf7+ Kh6 39.
Rd8 1-0

[Event "*** Titled Tuesday Blitz"]
[Site "Chess.com"]
[Date "2020.05.12"]
[Round "3"]
[White "CMS13"]
[Black "Kolle05"]
[Result "1-0"]
[WhiteElo "2183"]
[BlackElo "2369"]
[TimeControl "180+1"]
[EndTime "10:27:57 PDT"]
[Termination "CMS13 won on time"]

1. e4 c5 2. Nc3 d6 3. f4 g6 4. Nf3 Bg7 5. Bb5+ Nc6 6. Bxc6+ bxc6 7.
d3 e6 8. O-O Ne7 9. Qe1 O-O 10.
Na4 Ba6 11. c4 Rb8 12. Rb1 d5 13. Nxc5 dxc4 14. Nxa6 Qb6+ 15. Be3 Qxa6 16. dxc4 Qxc4 17. Bxa7 Rxb2 18. Rxb2 Bxb2 19. Qb1 Qb5 20. Nd4 Qb4 21. Nc2 Qa4 22. Bc5 Rb8 23. Qd1 Nc8 24. Kh1 Kg7 25. f5 1-0

[Event "*** Titled Tuesday Blitz"]
[Site "Chess.com"]
[Date "2020.05.12"]
[Round "3"]
[White "Gandrade2"]
[Black "chessablanca"]
[Result "0-1"]
[WhiteElo "2058"]
[BlackElo "2468"]
[TimeControl "180+1"]
[EndTime "10:27:59 PDT"]
[Termination "chessablanca won by checkmate"]

1. b3 d5 2. Bb2 c5 3. e3 Nc6 4. Bb5 Nf6 5. Nf3 e6 6. O-O Bd6 7. Ne5 Qc7 8. f4 a6 9. Bxc6+ bxc6 10. d3 O-O 11. Nd2 Nd7 12. Ndf3 f6 13. Nxd7 Bxd7 14. Qe1 e5 15. fxe5 fxe5 16. e4 Rae8 17. Qe2 h6 18. Rae1 Rf7 19. Nd2 Rf4 20. g3 Bg4 21. Qg2 Rxf1+ 22.
Rxf1 Qc8 23. exd5 Bh3 24. Qe4 Bxf1 25. Nxf1 cxd5 26. Qxd5+ Qe6 27. Qe4 Kh8 28. Ne3 Bc7 29. Nc4 g6 30. Qb7 Re7 31. Qe4 Qf5 32. Qc6 Rf7 33.
Qe8+ Kh7 34. Kg2 Qf1# 0-1

[Event "*** Titled Tuesday Blitz"]
[Site "Chess.com"]
[Date "2020.05.12"]
[Round "3"]
[White "igorcadilhac"]
[Black "tgpgoat"]
[Result "1-0"]
[WhiteElo "2333"]
[BlackElo "2091"]
[TimeControl "180+1"]
[EndTime "10:28:00 PDT"]
[Termination "igorcadilhac won by checkmate"]

1. e4 c5 2. Nf3 Nc6 3. d4 cxd4 4. Nxd4 e6 5. Nc3 Qc7 6. Be3 a6 7. Be2 Nf6 8. O-O b5 9. Nxc6 dxc6 10. f4 e5 11. fxe5 Qxe5 12. Kh1 Bd6 13. Bf4 Qxf4 14. Rxf4 Bxf4 15. Qd4 Bc7 16. e5 Nd7 17. e6 Nf6 18. exf7+ Kxf7 19. Bf3 Bb7 20. Ne4 Rhd8 21. Qc3 Bb6 22. Rf1 Nd5 23. Ng5+ Kg8 24. Bxd5+ cxd5 25. Ne6 Rd7 26. Qb4 h6 27. Rf8+ Rxf8 28. Qxf8+ Kh7 29.
Qf5+ Kg8 30. Ng5 Re7 31. Qh7+ Kf8 32. Qh8# 1-0

[Event "*** Titled Tuesday Blitz"]
[Site "Chess.com"]
[Date "2020.05.12"]
[Round "3"]
[White "SergeiAza"]
[Black "m_ezat"]
[Result "0-1"]
[WhiteElo "2755"]
[BlackElo "2601"]
[TimeControl "180+1"]
[EndTime "10:28:01 PDT"]
[Termination "m_ezat won on time"]

1. e4 c6 2. Nf3 d5 3. Nc3 Bg4 4. h3 Bh5 5. exd5 cxd5 6. Bb5+ Nc6 7. g4 Bg6 8. Ne5 Rc8 9. d4 e6 10. Qe2 Bb4 11. h4 Ne7 12. h5 Be4 13. f3 O-O 14. Bxc6 Nxc6 15. Nxc6 Rxc6 16. O-O Bxc3 17. bxc3 Rxc3 18.
Bd2 Rxc2 19. fxe4 dxe4 20. h6 Qxd4+ 21. Be3 Qb2 22. Qxc2 Qxc2 23. hxg7 Kxg7 24. Bd4+ f6 25. g5 Qd3 26. Bxf6+ Kg6 27. Kg2 Rc8 28. Rf2 Rc2 29. Rxc2 Qxc2+ 30. Kg3 Qe2 31. Rh1 Qf3+ 32. Kh2 e3 0-1

[Event "*** Titled Tuesday Blitz"]
[Site "Chess.com"]
[Date "2020.05.12"]
[Round "3"]
[White "mirochka"]
[Black "ENEASZ"]
[Result "0-1"]
[WhiteElo "2149"]
[BlackElo "2474"]
[TimeControl "180+1"]
[EndTime "10:28:01 PDT"]
[Termination "ENEASZ won by resignation"]

1. e4 d6 2. d4 Nf6 3. Nc3 e5 4. Nf3 Nbd7 5. a4 Be7 6. Bc4 O-O 7. O-O c6 8. h3 b6 9. Be3 a6 10. Re1 Rb8 11. Qd3 b5 12. axb5 axb5 13. Ba2 b4 14. Ne2 exd4 15. Bxd4 c5 16. Be3 Ne5 17. Nxe5 dxe5 18.
Qxd8 Rxd8 19. Ng3 g6 20. f4 Nd7 21. f5 Bh4 22. Kh2 Bb7 23. fxg6 hxg6 24. Rf1 Rf8 25. Bh6 Bxg3+ 26. Kxg3 Bxe4 27. Bxf8 Rxf8 28. Rad1 Nb8 29. Rde1 Bxc2 30. Rxe5 Nc6 31. Bd5 Nxe5 32. Rc1 b3 33.
Re1 Nd3 34. Re7 Nxb2 35. Rc7 c4 36. Rc6 Kg7 37. Bxc4 Nxc4 38. Rxc4 b2 0-1

[Event "*** Titled Tuesday Blitz"]
[Site "Chess.com"]
[Date "2020.05.12"]
[Round "3"]
[White "FairChess_on_YouTube"]
[Black "MikaelyanArman"]
[Result "1-0"]
[WhiteElo "3074"]
[BlackElo "2674"]
[TimeControl "180+1"]
[EndTime "10:28:02 PDT"]
[Termination "FairChess_on_YouTube won by resignation"]

1. e4 e5 2. Nf3 Nc6 3. Nc3 Nf6 4. Bb5 Bb4 5. O-O O-O 6. d3 d6 7. Ne2 Ne7 8. c3 Ba5 9. Ng3 c6 10. Ba4 Ng6 11. h3 Bb6 12. d4 Re8 13. Bc2 d5 14.
Nxe5 Nxe5 15. dxe5 Nxe4 16. Qh5 g6 17. Qh6 Nxg3 18.
Bg5 Re7 19. Qh4 Ne2+ 20. Kh1 Bc5 21. Rae1 Qe8 22. Bxe7 Bxe7 23. Qh6 Nxc3 24. bxc3 Bf8 25.
Qg5 Bg7 26. f4 h6 27. Qg3 Bf5 28. Bxf5 gxf5 29. Qd3 Qd7 30. g4 fxg4 31. f5 Re8 32. Qg3 h5 33. hxg4 hxg4 34. e6 f6 35. exd7 1-0

[Event "*** Titled Tuesday Blitz"]
[Site "Chess.com"]
[Date "2020.05.12"]
[Round "3"]
[White "GukeshDommaraju"]
[Black "arminmusovic"]
[Result "1-0"]
[WhiteElo "2756"]
[BlackElo "2562"]
[TimeControl "180+1"]
[EndTime "10:28:02 PDT"]
[Termination "GukeshDommaraju won by resignation"]

1. e4 c6 2. d4 d5 3. exd5 cxd5 4. Bd3 Nc6 5. c3 Nf6 6. Bf4 g6 7. Nf3 Bg7 8. Nbd2 O-O 9. h3 Re8 10. O-O Nd7 11. Re1 f6 12. c4 e6 13. cxd5 exd5 14. Qb3 Nb6 15. Rxe8+ Qxe8 16. Re1 Be6 17. Bb5 Qd7 18.
a4 Nc8 19. a5 Nd6 20. Ba4 Nc4 21. Rxe6 Nxd2 22. Qe3 Nc4 23. Qe1 Kf7 24. Re2 Re8 25.
Rxe8 Qxe8 26. Qxe8+ Kxe8 27. a6 Nb6 28. Bb5 bxa6 29.
Bxc6+ Ke7 30. Bc7 f5 31. Bxb6 axb6 32. Bxd5 h6 33. Bb3 Kd6 34. Kf1 g5 35. Ke2 g4 36.
Nh4 Bxd4 37. Nxf5+ Kc5 38. Nxd4 Kxd4 1-0

[Event "*** Titled Tuesday Blitz"]
[Site "Chess.com"]
[Date "2020.05.12"]
[Round "3"]
[White "LazovT"]
[Black "pirulillo"]
[Result "1-0"]
[WhiteElo "2686"]
[BlackElo "2198"]
[TimeControl "180+1"]
[EndTime "10:28:02 PDT"]
[Termination "LazovT won by resignation"]

1. e4 c5 2. Nc3 Nc6 3. Bb5 Nd4 4. Nf3 Nxb5 5. Nxb5 d6 6. d4 a6 7. Nc3 cxd4 8. Qxd4 Nf6 9. Bg5 e5 10. Qb4 d5 11.
Qb3 d4 12. Bxf6 gxf6 13. O-O-O Bg7 14. Kb1 O-O 15. Nd5 Be6 16. Nh4 b5 17. Nf5 Bxf5 18.
exf5 Rc8 19. c3 Rc5 20. Ne3 d3 21. f3 Bh6 22. Ng4 Bg5 23. h4 Bf4 24. Rhg1 h5 25. g3 hxg4 26. gxf4 g3 27. Rxg3+ Kh7 28. Rg4 Rc4 29.
fxe5 Rg8 30. Rxc4 bxc4 31. Qxc4 fxe5 32. Qe4 f6 33. Rxd3 Qb6 34. Rd7+ Kh8 35. Qe2 Rg1+ 36. Rd1 Rxd1+ 37. Qxd1 Kh7 38. a4 Kh6 39. b4 a5 40.
Kb2 axb4 41. Qd2+ Kh5 42. cxb4 Kxh4 43. Kb3 Kg3 44. a5 Qa6 45. Qc3 Kf4 46. Qc4+ Qxc4+ 47. Kxc4 Kxf3 48. a6 e4 49. a7 e3 50. a8=Q+ Kf2 51. b5 e2 52. Qe4 e1=Q 53. Qxe1+ Kxe1 54. b6 Kf2 55. b7 Kg3 56. b8=Q+ Kg4 57. Qc8 1-0

[Event "*** Titled Tuesday Blitz"]
[Site "Chess.com"]
[Date "2020.05.12"]
[Round "3"]
[White "leoduarte"]
[Black "FLamps8"]
[Result "0-1"]
[WhiteElo "2371"]
[BlackElo "2567"]
[TimeControl "180+1"]
[EndTime "10:28:02 PDT"]
[Termination "FLamps8 won on time"]

1. e4 c5 2. Nf3 e6 3. d4 cxd4 4. Nxd4 Nf6 5. Nc3 d6 6. Be2 a6 7.
O-O Be7 8. f4 O-O 9. Be3 b6 10.
Bf3 Bb7 11. e5 dxe5 12. fxe5 Bxf3 13. Qxf3 Nd5 14. Nxd5 Qxd5 15. Qxd5 exd5 16. Nf5 Bd8 17. Rad1 Nc6 18. Rxd5 Bc7 19. Bf4 Rad8 20. Rfd1 g6 21. Nd6 Rd7 22. a3 f6 23. e6 Re7 24. Bh6 Ra8 25. Re1 Ne5 26. Ne4 Rxe6 27. Kf1 Ng4 28.
Bd2 Rae8 0-1

[Event "*** Titled Tuesday Blitz"]
[Site "Chess.com"]
[Date "2020.05.12"]
[Round "3"]
[White "AndriiTop"]
[Black "GMStefanova"]
[Result "1/2-1/2"]
[WhiteElo "2345"]
[BlackElo "2651"]
[TimeControl "180+1"]
[EndTime "10:28:02 PDT"]
[Termination "Game drawn by repetition"]

1. e4 e5 2. Nf3 Nc6 3. d4 exd4 4. Nxd4 Qf6 5. Nxc6 dxc6 6. Nc3 Bc5 7. Qf3 Bd4 8. Bd2 Be6 9. Bd3 O-O-O 10. Qxf6 Nxf6 11.
f3 Nd7 12. O-O-O Ne5 13. Be2 Nc4 14. Bxc4 Bxc4 15. b3 Be6 16. Ne2 Bf6 17. Bc3 Bxc3 18. Nxc3 c5 19. Rxd8+ Rxd8 20. Rd1 Re8 21. Nd5 c6 22.
Nf4 Bd7 23. Re1 g6 24. c4 Kc7 25. h4 f6 26. Kc2 b5 27. Nd3 Kb6 28. Kc3 Be6 29.
Nf4 Bf7 30. Rd1 Kc7 31. Nd3 Rd8 32. Rd2 Kb6 33. Nb2 Rxd2 34. Kxd2 Kc7 35. Kc3 Kd6 36. Nd3 a6 37. f4 a5 38. g4 h6 39. g5 hxg5 40. hxg5 fxg5 41. fxg5 Be8 42.
Kd2 Bf7 43. Kc3 Be8 44. Kd2 Bf7 45. Kc3 1/2-1/2

[Event "*** Titled Tuesday Blitz"]
[Site "Chess.com"]
[Date "2020.05.12"]
[Round "3"]
[White "quesfr"]
[Black "Pomegranate988"]
[Result "1-0"]
[WhiteElo "2282"]
[BlackElo "2499"]
[TimeControl "180+1"]
[EndTime "10:28:02 PDT"]
[Termination "quesfr won by resignation"]

1. e4 c6 2. d4 d5 3. e5 Bf5 4.
h4 h5 5. Bd3 Bxd3 6. Qxd3 Qa5+ 7. Nd2 e6 8. Ne2 Ne7 9. O-O Nf5 10. Nf3 Be7 11. g3 Qa6 12. Qd1 c5 13. c3 Nc6 14. Bg5 Bxg5 15. Nxg5 Rc8 16. dxc5 Nxe5 17. b4 Qd3 18. Qa4+ Kf8 19. Nf4 Qc4 20. Rfe1 Nc6 21.
Nfxe6+ fxe6 22. Rxe6 Qxc3 23. Rae1 a6 24. b5 axb5 25.
Qxb5 Qb4 26. Qe2 Qxe1+ 27. Qxe1 Ncd4 28. Qe5 Rd8 29. Rf6+ Kg8 30. Rxf5 Nxf5 31. Qe6+ 1-0

[Event "*** Titled Tuesday Blitz"]
[Site "Chess.com"]
[Date "2020.05.12"]
[Round "3"]
[White "kingnb"]
[Black "HarryCun"]
[Result "1-0"]
[WhiteElo "2487"]
[BlackElo "2186"]
[TimeControl "180+1"]
[EndTime "10:28:03 PDT"]
[Termination "kingnb won by resignation"]

1. e4 c6 2. Ne2 d5 3. e5 Bf5 4. Nd4 Bg6 5. e6 fxe6 6. Nxe6 Qd6 7. Nxf8 Kxf8 8. d4 Nf6 9. Nd2 Nbd7 10. Nf3 Kf7 11. Be2 Rhe8 12. O-O e5 13. dxe5 Nxe5 14.
c3 Nxf3+ 15. Bxf3 Be4 16. Bxe4 Rxe4 17. Be3 Rae8 18. h3 a6 19. Qb3 Qc7 20. Rad1 Kg8 21. a4 c5 22. a5 Kh8 23. Rd2 h6 24. Rfd1 R8e7 25. Qa3 d4 26. cxd4 cxd4 27. Rxd4 Rxd4 28. Rxd4 Re5 29. b4 Qe7 30. Qd3 Rb5 31. Rd8+ Ng8 32.
Bc5 Qf7 33. g3 Qa2 34. Qd4 Qb1+ 35. Kh2 Kh7 36. Rd7 Qg6 37. Qd3 Qxd3 38. Rxd3 Nf6 39. f3 Kg6 40. g4 Kf7 41. Kg3 Ke6 42. Re3+ Kd5 43. Re7 g6 44. h4 h5 45. g5 Nd7 46.
Rxd7+ Ke6 47. Rd6+ Kf5 48. Bd4 1-0

[Event "*** Titled Tuesday Blitz"]
[Site "Chess.com"]
[Date "2020.05.12"]
[Round "3"]
[White "Oneofmyturns"]
[Black "Andreikka"]
[Result "0-1"]
[WhiteElo "2659"]
[BlackElo "2940"]
[TimeControl "180+1"]
[EndTime "10:28:04 PDT"]
[Termination "Andreikka won by checkmate"]

1. d4 Nf6 2. c4 e6 3. Nc3 Bb4 4. Qc2 O-O 5. e4 d5 6. e5 Ne4 7.
Bd3 c5 8. Nf3 cxd4 9. Nxd4 Nd7 10. Bf4 Qh4 11. g3 Qh5 12. O-O Ndc5 13. Nxe4 dxe4 14. Bxe4 Nxe4 15. Qxe4 Qg6 16. Qxg6 hxg6 17. Rfd1 Be7 18. a3 Rd8 19. Nb5 Bd7 20. Nd6 Ba4 21.
Rd2 g5 22. Be3 b6 23. b4 f6 24. Rc1 Bc6 25. b5 Bf3 26. c5 bxc5 27. Rxc5 fxe5 28. Rxe5 Bxd6 29. Rxe6 Bxa3 30. Ra6 Bb4 31. Rxd8+ Rxd8 32. Ra1 Rd7 33. h3 Bc3 34. Rc1 Bd4 35. Bxg5 Rd5 36. Rc8+ Kh7 37. Rd8 Rxb5 38. Rxd4 Rb1+ 39. Kh2 Rh1# 0-1

[Event "*** Titled Tuesday Blitz"]
[Site "Chess.com"]
[Date "2020.05.12"]
[Round "3"]
[White "MariaFominykh"]
[Black "amaidel"]
[Result "1/2-1/2"]
[WhiteElo "2385"]
[BlackElo "2554"]
[TimeControl "180+1"]
[EndTime "10:28:04 PDT"]
[Termination "Game drawn by repetition"]

1. d4 f5 2. Bg5 Nf6 3. Bxf6 exf6 4. e3 d5 5. Bd3 g6 6. Nh3 Bd6 7. c4 Be6 8. Qb3 b6 9. Nc3 c6 10. cxd5 cxd5 11. Nb5 O-O 12. Nxd6 Qxd6 13. Nf4 Bf7 14. O-O Nc6 15. Rac1 Rac8 16. Ba6 Rc7 17. Qc3 Rb8 18. a4 Kh8 19. b4 Rcc8 20. Bxc8 Rxc8 21. b5 Ne7 22. Qb2 Rd8 23. Rc2 g5 24. Ne2 f4 25.
exf4 gxf4 26. Qb3 Bg6 27. Rc3 Be4 28. Rh3 f3 29. gxf3 Bf5 30. Rg3 Rc8 31. Rc1 Rxc1+ 32.
Nxc1 Qc7 33. Ne2 Bg6 34. Qc3 Qd7 35. Qe3 Nf5 36. Qf4 Nxg3 37. Qxf6+ Kg8 38. Nxg3 Qe8 39.
Qe5 Qf7 40. Qb8+ Kg7 41. Qe5+ Kg8 42. Qb8+ Kg7 43. Qe5+ Kg8 1/2-1/2

[Event "*** Titled Tuesday Blitz"]
[Site "Chess.com"]
[Date "2020.05.12"]
[Round "3"]
[White "Poghosyan_Suren"]
[Black "snowlord"]
[Result "0-1"]
[WhiteElo "2492"]
[BlackElo "2764"]
[TimeControl "180+1"]
[EndTime "10:28:05 PDT"]
[Termination "snowlord won by resignation"]

1. Nf3 d5 2. c4 d4 3. e3 Nc6 4. d3 e5 5. exd4 Nxd4 6. Nxd4 Qxd4 7. Nc3 c6 8. Be3 Qd8 9. d4 exd4 10. Bxd4 Nh6 11.
Be2 Be6 12. O-O Nf5 13. Be5 Qa5 14. Bg3 Rd8 15. Qc1 Be7 16. a3 Nxg3 17. hxg3 O-O 18.
Qe3 Bg5 19. f4 Bf6 20. Rfd1 Rfe8 21. Qf3 Qc5+ 22. Kh2 Qb6 23. b4 h5 24. c5 Qc7 25.
Rac1 Rxd1 26. Nxd1 Bg4 27. Qxg4 hxg4 28. Bxg4 g6 29.
Nf2 Kg7 30. Nd3 Qe7 31. Kg1 Qe3+ 32. Nf2 Qxc1+ 0-1

[Event "*** Titled Tuesday Blitz"]
[Site "Chess.com"]
[Date "2020.05.12"]
[Round "3"]
[White "FedaMaster"]
[Black "queen_iryna"]
[Result "1-0"]
[WhiteElo "2529"]
[BlackElo "2321"]
[TimeControl "180+1"]
[EndTime "10:28:05 PDT"]
[Termination "FedaMaster won by resignation"]

1. e4 d6 2. d4 Nf6 3. Nc3 e5 4.
dxe5 dxe5 5. Qxd8+ Kxd8 6. f3 Be6 7. b3 Nc6 8. Bb2 Bc5 9. O-O-O+ Kc8 10. Nh3 a6 11.
Kb1 h6 12. Nd5 Rd8 13. Bc4 b5 14. Nxf6 bxc4 15. Nh5 g6 16. Nf6 cxb3 17. axb3 Bd4 18. Ba3 a5 19. Ng4 h5 20. Ngf2 a4 21. b4 Rb8 22. Nd3 Bc4 23. Kc1 Bxd3 24. Rxd3 Nxb4 25. Bxb4 Rxb4 26. Rhd1 Rc4 27. Kb1 c6 28. f4 exf4 29. Nxf4 Bf6 30. Rxd8+ Bxd8 31. Nd3 Rxe4 32. Nc5 Rb4+ 33.
Ka2 Be7 34. Nd3 Rc4 35. Kb1 a3 36. Re1 Kd7 37. Ne5+ 1-0

[Event "*** Titled Tuesday Blitz"]
[Site "Chess.com"]
[Date "2020.05.12"]
[Round "3"]
[White "Generalas"]
[Black "PawnEatingZombie"]
[Result "1-0"]
[WhiteElo "2397"]
[BlackElo "2171"]
[TimeControl "180+1"]
[EndTime "10:28:05 PDT"]
[Termination "Generalas won on time"]

1. e4 c6 2. d4 d5 3. e5 Bf5 4. Nf3 e6 5. Be2 Nd7 6. Nbd2 h6 7. Nb3 Ne7 8. O-O Bh7 9. c3 Nf5 10. g3 Be7 11. h4 O-O 12. h5 c5 13. Kg2 Rc8 14. Bf4 cxd4 15. cxd4 Qb6 16. Rc1 a5 17. a4 Bb4 18. Bb5 Nb8 19. Bd2 Bxd2 20. Qxd2 Ne7 21. Qxa5 Qxa5 22. Nxa5 Be4 23. Nxb7 Nf5 24. Nd6 Rxc1 25.
Rxc1 Bxf3+ 26. Kxf3 Nxd4+ 27. Ke3 Nb3 28. Rc7 f6 29. f4 fxe5 30. fxe5 Na5 31. Ra7 Nac6 32.
Rb7 Nxe5 33. Ne8 Ng4+ 34. Kd4 1-0

[Event "*** Titled Tuesday Blitz"]
[Site "Chess.com"]
[Date "2020.05.12"]
[Round "3"]
[White "Ashedu66"]
[Black "WeAintSurePal"]
[Result "0-1"]
[WhiteElo "2124"]
[BlackElo "2344"]
[TimeControl "180+1"]
[EndTime "10:28:05 PDT"]
[Termination "WeAintSurePal won by checkmate"]

1. d4 d5 2. c4 e6 3. Nc3 Nf6 4. Nf3 a6 5. c5 Be7 6. Bf4 O-O 7.
e3 Nbd7 8. Bd3 Nh5 9. Bg3 f5 10. c6 bxc6 11. Ne5 Nxe5 12. Bxe5 Nf6 13. Na4 Bb4+ 14.
Ke2 Nd7 15. Bg3 Bd6 16. Qc2 Bb7 17. Rac1 Qe7 18. f4 a5 19. b3 Ba3 20. Rcd1 c5 21.
Rhe1 c4 22. bxc4 Bb4 23. Rf1 dxc4 24. Bxc4 Bxg2 25. Rg1 Be4 26. Bd3 Bd5 27. Kf2 c5 28. dxc5 Nxc5 29. Nxc5 Bxc5 30. Qb2 Rab8 31. Qa1 Ba3 32.
Be2 Bb2 33. Qb1 Be4 34. Bd3 Bc3 35. Bxe4 Rxb1 36. Bxb1 Rb8 37. Bd3 Rb2+ 38. Kf1 Qb7 39. Bf2 Qf3 40. Bc4 Qxf2# 0-1

[Event "*** Titled Tuesday Blitz"]
[Site "Chess.com"]
[Date "2020.05.12"]
[Round "3"]
[White "Man-Chuk"]
[Black "bilelou"]
[Result "0-1"]
[WhiteElo "2707"]
[BlackElo "2519"]
[TimeControl "180+1"]
[EndTime "10:28:06 PDT"]
[Termination "bilelou won by resignation"]

1. c4 e6 2. Nc3 d5 3. d4 Bb4 4. a3 Bxc3+ 5. bxc3 Nf6 6. e3 O-O 7. cxd5 exd5 8. Bd3 Nc6 9. Ne2 Na5 10. O-O c5 11. f3 Re8 12. Ng3 Be6 13. a4 Rc8 14. Ba3 cxd4 15. cxd4 Nc4 16. Re1 h5 17. Nf1 h4 18. Bxc4 Rxc4 19. Nd2 Rc3 20. Bb2 Rd3 21. Qc2 Bf5 22. e4 dxe4 23. fxe4 Rxd4 24. Bxd4 Qxd4+ 25. Kh1 Bxe4 26. Nxe4 Nxe4 27. h3 Ng3+ 28. Kh2 Rf8 29.
Rad1 Qf4 30. Qd2 Nf1+ 31. Kg1 Nxd2 32. Re2 Nc4 0-1

[Event "*** Titled Tuesday Blitz"]
[Site "Chess.com"]
[Date "2020.05.12"]
[Round "3"]
[White "Kirill_Klukin"]
[Black "Aureliano-Buendia"]
[Result "1-0"]
[WhiteElo "2709"]
[BlackElo "2413"]
[TimeControl "180+1"]
[EndTime "10:28:06 PDT"]
[Termination "Kirill_Klukin won by resignation"]

1. d4 d5 2. Nf3 Nf6 3. c4 c6 4.
Nbd2 a6 5. e3 b5 6. b3 Bg4 7.
Bd3 e6 8. Bb2 Nbd7 9. Qc2 Bd6 10. Ne5 Rc8 11. f4 g6 12. c5 Be7 13. h3 Bf5 14. g4 Bxd3 15. Qxd3 O-O 16. a4 Nxe5 17.
fxe5 Nd7 18. O-O f6 19. exf6 Bxf6 20. e4 Bg7 21. e5 Rxf1+ 22. Qxf1 Qg5 23. Nf3 Qe3+ 24.
Qf2 Qxb3 25. axb5 axb5 26. Ra7 Rf8 27. Kg2 Rf7 28. Bc1 Nf8 29. Rxf7 Kxf7 30. Ng5+ Kg8 31. Be3 h6 32. Nf7 Qd3 33. Bxh6 Qe4+ 34. Kg3 Bxh6 35. Nxh6+ Kg7 36. g5 1-0

[Event "*** Titled Tuesday Blitz"]
[Site "Chess.com"]
[Date "2020.05.12"]
[Round "3"]
[White "HaryKane"]
[Black "Jenia84"]
[Result "1-0"]
[WhiteElo "2609"]
[BlackElo "2257"]
[TimeControl "180+1"]
[EndTime "10:28:06 PDT"]
[Termination "HaryKane won by resignation"]

1. e4 e5 2. Nf3 Nc6 3. Bc4 Bc5 4. d3 Nf6 5. Nc3 d6 6. Bb3 O-O 7. Bg5 h6 8. Bh4 Be6 9. Qd2 Nd4 10. O-O-O a5 11. Nxd4 Bxd4 12. Rde1 c6 13. Ne2 a4 14. Bxe6 fxe6 15. Nxd4 exd4 16. e5 dxe5 17. Rxe5 Qd6 18. Rhe1 Rae8 19. Bg3 Qd7 20. Qe2 b5 21. Rxe6 Qd5 22. Bd6 Qxa2 23. Bxf8 Rxf8 24. Rxc6 Qa1+ 25. Kd2 Qxb2 26. Qe6+ Kh8 27. Rc8 Qb4+ 28. Kd1 Rxc8 29. Qxc8+ Kh7 30. Qf5+ Kh8 31. Qc8+ Kh7 32. Qe6 Qb1+ 33.
Kd2 Qb4+ 34. Ke2 Qc5 35. Kf1 a3 36. Qb3 b4 37. Qc4 Qd6 38. h3 Nd5 39. Qxd4 a2 40. Qe4+ Kg8 41. Qc4 Kh7 42. Qxa2 Nc3 43. Qf7 Qh2 44.
Qf5+ 1-0

[Event "*** Titled Tuesday Blitz"]
[Site "Chess.com"]
[Date "2020.05.12"]
[Round "3"]
[White "CuattroPrincesses"]
[Black "annacramling"]
[Result "1-0"]
[WhiteElo "2277"]
[BlackElo "1877"]
[TimeControl "180+1"]
[EndTime "10:28:06 PDT"]
[Termination "CuattroPrincesses won on time"]

1. e4 c5 2. Nf3 a6 3. c4 Nc6 4. d4 cxd4 5. Nxd4 d6 6. Nc3 e6 7.
Be3 Nf6 8. Be2 Be7 9. O-O O-O 10.
Rc1 Bd7 11. Nc2 Na7 12. f4 Qc7 13. Kh1 b5 14. cxb5 axb5 15. a3 Qb7 16. Bf3 Bc6 17.
Qd3 Rfd8 18. Nb4 d5 19. exd5 Bxd5 20. Ncxd5 Nxd5 21. Nxd5 exd5 22. Bxa7 Rxa7 23. Rfd1 Bf6 24. Rc2 Ra6 25. Bxd5 Qe7 26. Re2 Qc7 27. Qb3 1-0